 Dungeon Crawl Stone Soup version 0.26.0-45-g9c1d065592 (webtiles) character file.

Game seed: 15129599552095282894

23 witty the Chiller (level 3, -1/24 HPs)
             Began as a Merfolk Ice Elementalist on Feb 1, 2021.
             Slain by a centaur
             ... wielding a +0 dagger
              (6 damage)
             ... on level 2 of the Dungeon.
             The game lasted 00:04:27 (1581 turns).

witty the Chiller (Merfolk Ice Elementalist)        Turns: 1581, Time: 00:04:29

Health: -1/24      AC:  2    Str:  8    XL:     3   Next: 0%
Magic:  2/6        EV: 13    Int: 15    God:
Gold:   65         SH:  0    Dex: 14    Spells: 5/6 levels left

rFire    . . .     SeeInvis .   (no weapon)
rCold    . . .     Faith    .   (no shield)
rNeg     . . .     Spirit   .   a - +0 robe
rPois    .         Reflect  .   (no helmet)
rElec    .         Harm     .   (no cloak)
rCorr    .         Rampage  .   (no gloves)
Will     .....                  (no boots)
Stlth    ++........             (no amulet)
HPRegen  0.08/turn              g - ring of flight
MPRegen  0.10/turn              (no ring)

@: no status effects
A: change form in water, swift swim, stealthy swim
a: Evoke Flight


You were on level 2 of the Dungeon.
You visited 1 branch of the dungeon, and saw 2 of its levels.

You collected 65 gold pieces.

Inventory:

Armour
 a - a +0 robe (worn)
Jewellery
 g - a ring of flight (left hand)
Scrolls
 b - 3 scrolls of noise {unknown}
 c - 2 scrolls of identify {unknown}
 d - a scroll of immolation {unknown}
 e - a scroll of magic mapping {unknown}
 h - 2 scrolls of blinking {unknown}
 i - a scroll of enchant armour {unknown}
 j - a scroll of remove curse {unknown}
Potions
 f - 2 potions of invisibility {unknown}


   Skills:
 + Level 2.8 Dodging
 + Level 2.3 Stealth
 + Level 2.3 Spellcasting
 + Level 5.0 Ice Magic


You had 5 spell levels left.
You knew the following spells:

 Your Spells              Type           Power        Failure   Level
a - Freeze                Ice            64%          2%          1

Your spell library contained the following spells:

 Spells                   Type           Power        Failure   Level
 Frozen Ramparts          Ice            32%          9%          3
 Ozocubu's Armour         Ice            16%          9%          3
 Hailstorm                Conj/Ice       9%           58%         4
 Summon Ice Beast         Ice/Summ       9%           58%         4


Dungeon Overview and Level Annotations

Branches:
Dungeon (2/15)

Altars:


Message History

The centaur barely misses you.
The centaur hits you but does no damage.
Casting: Freeze (safe; 2% risk of failure)
Confirm with . or Enter, or press ? or * to list all spells.
Aiming: Freeze (safe; 2% risk of failure)
Press: ? - help, Shift-Dir - straight line, f/p - centaur
Aim: a centaur, wielding a +0 dagger and quivering 16 arrows (heavily wounded)
You freeze the centaur.
The centaur is heavily wounded.
The centaur hits you with a +0 dagger.
* * * LOW HITPOINT WARNING * * *
Casting: Freeze (safe; 2% risk of failure)
Confirm with . or Enter, or press ? or * to list all spells.
Aiming: Freeze (safe; 2% risk of failure)
Press: ? - help, Shift-Dir - straight line, f/p - centaur
Aim: a centaur, wielding a +0 dagger and quivering 16 arrows (heavily wounded)
You freeze the centaur!
The centaur is almost dead.
The centaur hits you with a +0 dagger.
You die...

#. .## #. ...##.#
##### #..... ...#
..... #.#######
#..####.......######
#...(...............
##.@#.#######.#####.
#Kc#.# #.# #.
....#.# #.# #.
......#.# #.# #.
#..######.. #.#####.
#. ### #.....#. #
###..... #.#.##
#.#.#


You could see a centaur and a kobold.

Vanquished Creatures
  A worm (D:2)
  2 giant cockroaches (D:1)
  2 goblins (D:2)
  5 hobgoblins (D:1)
  2 bats (D:1)
  A frilled lizard (D:1)
  3 kobolds
  5 rats (D:1)
21 creatures vanquished.

Notes
Turn   | Place    | Note
-------+----------+-------------------------------------------
     0 | D:1      | witty the Merfolk Ice Elementalist began the quest for the
                  | Orb.
     0 | D:1      | Reached XP level 1. HP: 13/13 MP: 3/3
   258 | D:1      | Reached XP level 2. HP: 10/19 MP: 1/5
  1387 | D:2      | Reached skill level 5 in Ice Magic
  1420 | D:2      | Noticed a centaur
  1472 | D:2      | Reached XP level 3. HP: 19/24 MP: 4/6
  1581 | D:2      | Slain by a centaur

Illustrated notes

Levels and vault maps discovered:
D:1:      dpeg_arrival_prison, layout_rooms
D:2:      layout_loops_ring, eino_tiny_chamber, kennysheep_okawaru_gauntlet,
          uniq_robin

Skill      XL: |  1  2 |
---------------+-------+-----
Ice Magic      | 5 |  5.0
Dodging        | |  2.8
Stealth        | |  2.3
Spellcasting   | |  2.3

Action                   || total
-------------------------++-------
Melee: Unarmed           ||     6
 Cast: Freeze            ||    38
Armor: Robe              ||     7
Dodge: Dodged            ||    24
